 Dungeon Crawl Stone Soup version 0.25.1-2-g60ff931df9 (webtiles) character file.

Game seed: 10511080350370898289

3890 Johnny the Geomancer (level 9, -15/62 HPs)
             Began as a Demigod Earth Elementalist on Sept 22, 2020.
             Shot with an arrow by a centaur warrior (27 damage)
             ... on level 8 of the Dungeon.
             The game lasted 00:08:49 (8848 turns).

Johnny the Geomancer (Demigod Earth Elementalist)   Turns: 8848, Time: 00:08:50

Health: -15/62     AC:  8    Str: 11    XL:     9   Next: 68%
Magic:  23/23      EV: 11    Int: 25    God:
Gold:   262        SH:  0    Dex: 16    Spells: 13/22 levels left

rFire    . . .     SeeInvis .   L - staff of earth
rCold    . . .     Gourm    .   (no shield)
rNeg     . . .     Faith    .   o - +0 ring mail
rPois    .         Spirit   .   w - +0 helmet
rElec    .         Reflect  .   (no cloak)
rCorr    .         Harm     .   (no gloves)
MR       .....                  e - +1 pair of boots
Stlth    ++........             (no amulet)
HPRegen  0.20/turn              s - ring of stealth
MPRegen  0.18/turn              (no ring)

@: no status effects
A: high mp 1
a: no special abilities


You were on level 8 of the Dungeon.
You were not hungry.

You visited 1 branch of the dungeon, and saw 8 of its levels.
You also visited: Ossuary.

You collected 262 gold pieces.

Inventory:

Hand Weapons
 g - a +0 spear
 y - a +3 flail of protection
 G - a +2 trident of venom
Missiles
 b - 64 stones (quivered)
 t - 3 throwing nets
Armour
 e - a +1 pair of boots (worn)
 o - a +0 ring mail (worn)
 w - a +0 helmet (worn)
Magical Staves
 L - an uncursed staff of earth (weapon)
Jewellery
 j - an uncursed ring of fire
 s - a ring of stealth (left hand)
 F - an uncursed ring of flight {unknown}
 K - an uncursed amulet of guardian spirit {unknown}
Wands
 u - a wand of acid (13)
 B - a wand of digging (4)
 C - a wand of polymorph (2)
 H - a wand of iceblast (9)
 J - a wand of paralysis (8)
Scrolls
 a - 2 scrolls of amnesia
 f - 3 scrolls of remove curse
 h - 5 scrolls of noise
 l - a scroll of magic mapping
 m - a scroll of enchant armour
 p - 5 scrolls of teleportation
 D - a scroll of fog
 I - a scroll of immolation {unknown}
Potions
 c - a potion of mutation {unknown}
 i - 4 potions of curing
 k - 2 potions of berserk rage
 n - 3 potions of might
 q - 6 potions of haste
 r - 2 potions of degeneration {unknown}
 v - 4 potions of brilliance
 x - 3 potions of heal wounds {unknown}
 A - a potion of stabbing {unknown}
 E - 2 potions of lignification {unknown}
Comestibles
 d - 19 rations
 z - 5 chunks of flesh


   Skills:
 - Level 1.7 Dodging
 - Level 1.7 Stealth
 + Level 7.2 Spellcasting
   Level 0.8 Transmutations
 * Level 11.0 Earth Magic


You had 13 spell levels left.
You knew the following spells:

 Your Spells              Type           Power        Failure   Level  Hunger
a - Sandblast             Erth           ######       1%          1    None
b - Stone Arrow           Conj/Erth      ######       4%          3    None
c - Lee's Rapid Deconstr  Erth           #######...   4%          5    #####..

Your spell library contained the following spells:

 Spells                   Type           Power        Failure   Level  Hunger
 Passwall                 Tmut/Erth      ######..     1%          2    None
 Beastly Appendage        Tmut           ##....       11%         1    None
 Petrify                  Tmut/Erth      ######..     14%         4    ###....
 Sticks to Snakes         Tmut           ##......     17%         2    None
 Spider Form              Tmut/Pois      ##........   38%         3    None
 Ice Form                 Ice/Tmut       ##......     80%         4    ###....
 Blade Hands              Tmut           ##........   97%         5    #####..


Dungeon Overview and Level Annotations

Branches:
Dungeon (8/15)             Temple (0/1) D:5         Ossuary (visited)
   Lair: D:8-11


Innate Abilities, Weirdness & Mutations

You have an increased reservoir of magic. (+10% MP)


Message History

The bolt of acid hits the centaur warrior but does no damage.
The centaur warrior shoots an arrow.
The arrow hits you! The arrow freezes you.
Evoke which item? (* to show all) (? for menu, Esc to quit)
Aiming: Corrosive Bolt
Press: ? - help, Shift-Dir - straight line, f/p - centaur warrior
Aim: a centaur warrior, wielding a +4 shortbow of freezing, wearing the +1 troll leather armour "Voroetal" {Regen+ Int+2 SInv}, wearing the amulet "Cedghygge" {RegenMP +Blink rElec MR+ Str-5} and quivering 14 arrows The bolt of acid hits the centaur warrior!
The centaur warrior is splashed with acid!
The acid corrodes the centaur warrior!
The centaur warrior is moderately wounded.
The centaur warrior shoots an arrow.
The arrow hits you!
* * * LOW HITPOINT WARNING * * *
The arrow freezes you.
* * * LOW HITPOINT WARNING * * *
Unknown command.
Okay, then.
Okay, then.
Okay, then.
You feel better.
The centaur warrior shoots an arrow.
The arrow hits you!!
You die...

### ### ####.#######.#
.....#.......#
####.###.###.# #.#
#.###.# ####.# #.#...###
####### .....###'#.#...#
......#
.....##....#...##..c...#
................@......#
....##.................#.
.#####.....##............
.# #.....##...........#
.# #...................
.#####...................
##...#'##................
##...........####.....^.#
+.......................#


You could see a centaur warrior (corroded).

Vanquished Creatures
  2 hippogriffs
  A wyvern (D:8)
  A spriggan (D:7)
  An ice beast (D:6)
  An orc warrior (D:7)
  2 phantoms
  3 sky beasts
  5 ogres
  A centaur (D:7)
  2 elf zombies (Ossuary)
  3 bullfrogs
  A gnoll sergeant (D:7)
  4 scorpions
  3 killer bees
  4 howler monkeys
  3 crimson imps
  2 orc priests
  7 centaur zombies (Ossuary)
  2 jellies
  3 human zombies (Ossuary)
  2 orc wizards
  Ijyb (D:5)
  3 iguanas
  5 worker ants
  A hound zombie (D:7)
  3 mummies (Ossuary)
  Robin (D:3)
  A worker ant zombie (D:5)
  13 adders
  12 gnolls
  3 shadow imps
  An ooze (D:7)
  2 adder zombies
  2 adder skeletons
  2 worms
  A dart slug (D:1)
  5 leopard geckos
  14 orcs
  3 ball pythons
  6 bats
  5 giant cockroaches
  16 goblins
  7 hobgoblins
  2 jackals (D:4)
  7 kobolds
  A quokka (D:5)
  3 frilled lizards
  A jackal skeleton (D:5)
  A quokka skeleton (D:6)
  A quokka zombie (D:6)
  6 rats
  A rat zombie (D:6)
183 creatures vanquished.

Notes
Turn   | Place    | Note
-------+----------+-------------------------------------------
     0 | D:1      | Johnny the Demigod Earth Elementalist began the quest for
                  | the Orb.
     0 | D:1      | Reached XP level 1. HP: 14/14 MP: 5/5
    75 | D:1      | Reached skill level 3 in Earth Magic
   184 | D:1      | Reached XP level 2. HP: 17/20 MP: 7/7
   915 | D:2      | Reached XP level 3. HP: 24/26 MP: 9/9
  1382 | D:2      | Reached skill level 4 in Earth Magic
  1777 | D:3      | Noticed Robin
  1798 | D:3      | Reached XP level 4. HP: 25/33 MP: 2/10
  1888 | D:3      | Killed Robin
  1980 | D:3      | Learned a level 3 spell: Stone Arrow
  2159 | D:3      | Found a blossoming altar of Fedhas.
  2714 | D:4      | Noticed an ogre
  2723 | D:4      | Killed an ogre
  2723 | D:4      | Reached skill level 5 in Earth Magic
  2723 | D:4      | Reached XP level 5. HP: 38/38 MP: 8/12
  2799 | D:4      | Noticed an ogre
  2804 | D:4      | Killed an ogre
  2804 | D:4      | Reached XP level 6. HP: 16/45 MP: 9/14
  3000 | D:4      | Learned a level 5 spell: Lee's Rapid Deconstruction
  3120 | D:4      | Found an iron altar of Okawaru.
  3203 | D:4      | Found an ornate altar of the Wu Jian Council.
  3479 | D:5      | Entered Level 5 of the Dungeon
  3487 | D:4      | Reached skill level 6 in Earth Magic
  3904 | D:5      | Noticed Ijyb
  3913 | D:5      | Killed Ijyb
  3913 | D:5      | Reached XP level 7. HP: 43/50 MP: 8/16
  4166 | D:5      | Found a staircase to the Ecumenical Temple.
  4613 | D:5      | Reached skill level 7 in Earth Magic
  4869 | D:6      | Reached skill level 5 in Spellcasting
  4869 | D:6      | Reached XP level 8. HP: 35/57 MP: 6/19
  4884 | D:6      | Found a sand-covered staircase.
  4891 | Ossuary  | Entered an ossuary
  4999 | Ossuary  | Reached skill level 8 in Earth Magic
  5622 | D:6      | Reached skill level 9 in Earth Magic
  6234 | D:7      | Noticed a hippogriff
  6425 | D:7      | Noticed a hippogriff
  6428 | D:7      | Killed a hippogriff
  6510 | D:7      | Reached XP level 9. HP: 62/62 MP: 12/22
  6808 | D:6      | Reached skill level 10 in Earth Magic
  7963 | D:7      | Found a white marble altar of Elyvilon.
  7966 | D:7      | Found a shattered altar of Ashenzari.
  7969 | D:7      | Found a radiant altar of Vehumet.
  8613 | D:8      | Reached skill level 11 in Earth Magic
  8843 | D:8      | Identified the +1 troll leather armour "Voroetal" {Regen+
                  | Int+2 SInv}
  8843 | D:8      | Identified the amulet "Cedghygge" {RegenMP +Blink rElec MR+
                  | Str-5}
  8843 | D:8      | Noticed a centaur warrior
  8848 | D:8      | Shot with an arrow by a centaur warrior

Illustrated notes

Levels and vault maps discovered:
D:1:      psy_arrival_terrarium, layout_loops_ring, feat_on_display
D:2:      layout_basic, first_ration, hangedman_abyss_or_decor_stabs,
          minmay_misc_feat_nine_boxes
D:3:      layout_basic, fedhas_ov_isle_minmay, uniq_robin
D:4:      layout_basic, lemuel_coloured_pillars_altar, kennysheep_little_box
D:5:      layout_loops_cross, minmay_temple_entry_trees,
          chequers_serial_rivers_micro_a, uniq_ijyb
D:6:      layout_rooms, enter_ossuary_4
D:7:      layout_cave_pools, grunt_temple_overflow_diamond, the_bakery
D:8:      layout_basic, minmay_the_grid_2x2 [minmay_the_grid_rooms,
          minmay_the_grid_slots, minmay_the_grid_diamond_grid,
          minmay_the_grid_prize_diamond_cup]

Skill      XL: |  1  2  3  4  5  6  7  8  9 |
---------------+----------------------------+-----
Earth Magic    | 3 4 5 6 7 9 11 | 11.0
Spellcasting   | 2 3 4 5 6 7 |  7.2
Dodging        | |  1.7
Stealth        | |  1.7
Transmutations | |  0.8

Action                   |  1- 3 |  4- 6 |  7- 9 || total
-------------------------+-------+-------+-------++-------
Melee: Spear             |    87 |    17 |       ||   104
       Unarmed           |     2 |       |       ||     2
       Flail             |       |    68 |   234 ||   302
       Staff             |       |       |     6 ||     6
Throw: Stone             |       |       |     1 ||     1
 Cast: Sandblast         |    24 |    61 |   115 ||   200
       Stone Arrow       |       |       |    25 ||    25
Evoke: Wand              |       |       |     6 ||     6
  Use: Scroll            |       |     5 |    11 ||    16
       Potion            |       |       |     1 ||     1
 Stab: Sleeping          |     2 |     4 |     5 ||    11
  Eat: Chunk             |     3 |     7 |    13 ||    23
       Ration            |       |       |     1 ||     1
Armor: Robe              |     7 |       |       ||     7
       Ring mail         |    18 |    55 |   193 ||   266
Dodge: Dodged            |    51 |    73 |   202 ||   326
